 Dungeon Crawl Stone Soup version 0.19-a0-644-gd04d753 (webtiles) character file.

72 Stormphoenix the Cudgeler (level 4, -1/35 HPs)
             Began as a Demonspawn Chaos Knight on June 14, 2016.
             Slain by a centaur (8 damage)
             ... on level 3 of the Dungeon.
             The game lasted 00:05:23 (1855 turns).

Stormphoenix the Cudgeler (Demonspawn Chaos Knight) Turns: 1855, Time: 00:05:25

Health: -1/35      AC:  6    Str: 16    XL:     4   Next: 7%
Magic:  4/4        EV:  4    Int: 13    God:    Xom [...*..]
Gold:   104        SH:  0    Dex: 12    Spells: 0 memorised, 3 levels left

rFire  . . .     SeeInvis .     a - +0 mace (chaos)
rCold  . . .     Gourm    .     k - +0 scale mail
rNeg   . . .     Faith    .     (no shield)
rPois  .         Spirit   .     (no helmet)
rElec  .         Dismiss  +     (no cloak)
rCorr  +         Reflect  .     (no gloves)
SustAt .         Harm     .     (no boots)
MR     .....                    e - amulet of dismissal
Stlth  ..........               (no ring)
                                f - ring of resist corrosion

@: not resistant to hostile enchantments, extremely unstealthy
A: claws 1, regeneration 1, strong 1, wild magic 1
a: Renounce Religion


You were on level 3 of the Dungeon.
You worshipped Xom.
You were a favourite toy of Xom.
You were not hungry.

You visited 1 branch of the dungeon, and saw 3 of its levels.

You collected 104 gold pieces.

Inventory:

Hand Weapons
 a - a +0 mace of chaos (weapon)
Armour
 k - a +0 scale mail (worn)
Jewellery
 e - an amulet of dismissal (around neck)
 f - a ring of resist corrosion (left claw)
Scrolls
 d - 2 scrolls of teleportation
Potions
 b - a potion of cancellation
 g - 2 potions of curing
Comestibles
 c - 2 bread rations
 h - a chunk of flesh
 j - 2 fruits


   Skills:
 - Level 3.0 Fighting
 + Level 4.5 Maces & Flails
 - Level 1.7 Armour
 - Level 0.8 Dodging


You had 3 spell levels left.
You didn't know any spells.

Dungeon Overview and Level Annotations

Branches:
Dungeon (3/15)

Altars:
Dithmenos
Fedhas
Pakellas
Qazlal
Xom
Yredelemnul
The Shining One

Annotations:
D:3 Sigmund


Innate Abilities, Weirdness & Mutations

You have sharp fingernails.
Your natural rate of healing is unusually fast.
Your muscles are strong. (Str +2)
Your spells are a little harder to cast, but a little more powerful.


Message History

Sigmund shouts!
The centaur hits you!
The jackal bites you but does no damage.
You closely miss the centaur. The centaur barely misses you.
The jackal misses you. The centaur hits you.
The jackal bites you but does no damage.
You hit the centaur but do no damage. The centaur hits you.
The jackal bites you.
* * * LOW HITPOINT WARNING * * *
Sigmund casts a spell.
Sigmund flickers and vanishes!
Deactivating autopickup; reactivate with Ctrl-A.
The centaur barely misses you.
The jackal bites you but does no damage.
The centaur hits you.
* * * LOW HITPOINT WARNING * * *
The jackal bites you but does no damage.
The centaur hits you!
You die...
Xom laughs nastily!

.. .. .. .
.## .# ..
..###.###..#
##...........
............
#.#........
#.(.# ##h@#
##.c......
#.##..... #.#
.... ..# ...
.#. #. # > .


You could see a centaur and a jackal.

Vanquished Creatures
  3 adders (D:2)
  A worm (D:2)
  A dart slug (D:2)
  6 bats
  A giant cockroach (D:1)
  6 goblins
  A hobgoblin (D:2)
  10 jackals
  A quokka (D:2)
  2 giant newts
  3 kobolds (D:1)
  3 rats
38 creatures vanquished.

Notes
Turn   | Place    | Note
--------------------------------------------------------------
     0 | D:1      | Stormphoenix the Demonspawn Chaos Knight began the quest for the Orb.
     0 | D:1      | Reached XP level 1. HP: 18/18 MP: 1/1
    31 | D:1      | XOM: silly message
   138 | D:1      | Reached skill level 3 in Maces & Flails
   206 | D:1      | XOM: divination: magic mapping
   256 | D:1      | Gained mutation: Your spells are a little harder to cast, but a little more powerful. [potion of beneficial mutation]
   257 | D:1      | Gained mutation: Your natural rate of healing is unusually fast. [potion of mutation]
   257 | D:1      | Gained mutation: Your muscles are strong. (Str +2) [potion of mutation]
   322 | D:1      | Gained mutation: You have sharp fingernails. [demonic ancestry]
   322 | D:1      | Reached XP level 2. HP: 20/24 MP: 2/2
   889 | D:1      | XOM: divination: detect items
  1037 | D:2      | Reached XP level 3. HP: 29/29 MP: 3/3
  1075 | D:2      | Found a basalt altar of Yredelemnul.
  1101 | D:2      | Reached skill level 4 in Maces & Flails
  1446 | D:2      | Found a shadowy altar of Dithmenos.
  1557 | D:2      | XOM is BORED!
  1557 | D:2      | XOM: noise
  1595 | D:2      | Found a blossoming altar of Fedhas.
  1596 | D:2      | Found an oddly glowing altar of Pakellas.
  1596 | D:2      | Found a stormy altar of Qazlal.
  1599 | D:2      | Found a shimmering altar of Xom.
  1613 | D:2      | XOM: cloud trail
  1708 | D:2      | XOM: mild Hex miscast
  1757 | D:2      | Found a glowing golden altar of the Shining One.
  1759 | D:2      | Noticed an angel
  1781 | D:2      | Reached XP level 4. HP: 35/35 MP: 4/4
  1845 | D:3      | Noticed a centaur
  1852 | D:3      | Noticed Sigmund
  1855 | D:3      | Slain by a centaur

Vault maps used:
D:1:      onia_arrival_pentagram, grunt_decor_resistance,
          grunt_decor_one_mirror, roderic_lattice_a
D:2:      grunt_temple_overflow_holy_war, lemuel_round_altar, minitemple,
          serial_park_tiny_1, roderic_roman_lattice, minmay_hedge_maze
D:3:      grunt_temple_overflow_magic_moments, uniq_sigmund

Skill      XL: |  1  2  3 |
---------------+----------+-----
Maces & Flails | 3 4 |  4.5
Fighting       | |  3.0
Armour         | |  1.7
Dodging        | |  0.8

Action                   |  1- 3 |  4- 6 || total
-------------------------+-------+-------++-------
Melee: Mace              |   144 |     7 ||   151
  Use: Potion            |     5 |       ||     5
       Scroll            |     4 |       ||     4
  Eat: Chunk             |     3 |       ||     3
Armor: Leather armour    |    43 |       ||    43
       Scale mail        |    10 |     6 ||    16
Dodge: Dodged            |    67 |    10 ||    77
